 Dungeon Crawl Stone Soup version 0.28-a0-536-g4f1c8046e5 (webtiles) character file.

Game seed: 17810544535535097041

30 Crimsonway the Grave Robber (level 3, -3/24 HPs)
             Began as a Demonspawn Necromancer on Sept 27, 2021.
             Succumbed to a kobold's poison
             ... on level 2 of the Dungeon.
             The game lasted 00:08:47 (1500 turns).

Crimsonway the Grave Robber (DsNe)                  Turns: 1500, Time: 00:08:48

Health: -3/24      AC:  2    Str:  8    XL:     3   Next: 5%
Magic:  2/7        EV: 12    Int: 17    God:
Gold:   47         SH:  0    Dex: 13    Spells: 6/7 levels left

rFire   . . .      SeeInvis .   p - +2 dagger (venom)
rCold   . . .      Faith    .   (no shield)
rNeg    . . .      Spirit   .   k - +0 robe
rPois   .          Reflect  .   (no helmet)
rElec   .          Harm     .   (no cloak)
rCorr   +          Rampage  .   (no gloves)
Will    .....                   (no boots)
Stlth   ++........              (no amulet)
HPRegen 0.08/turn               g - ring of resist corrosion
MPRegen 0.10/turn               (no ring)

@: lethally poisoned (-3 -> -27)
A: claws 1, demonic magic 1
a: no special abilities


You were on level 2 of the Dungeon.
You visited 1 branch of the dungeon, and saw 2 of its levels.

You collected 47 gold pieces.

Inventory:

Hand Weapons
 c - a +0 whip
 f - a +0 dagger
 p - a +2 dagger of venom (weapon)
Missiles
 l - a throwing net
Armour
 a - a +0 robe
 k - a +0 robe (worn)
 n - a +0 leather armour
 q - a +0 robe
Jewellery
 g - a ring of resist corrosion (left claw)
Scrolls
 b - a scroll of teleportation {unknown}
 d - 2 scrolls of amnesia {unknown}
 e - a scroll of enchant weapon {unknown}
 h - 3 scrolls of identify {unknown}
 j - a scroll of magic mapping {unknown}
 m - a scroll of holy word {unknown}
 o - a scroll of vulnerability {unknown}
Potions
 i - a potion of attraction {unknown}


   Skills:
 + Level 0.3 Maces & Flails
 + Level 1.8 Dodging
 + Level 1.8 Stealth
 + Level 2.6 Spellcasting
 + Level 4.9 Necromancy


You had 6 spell levels left.
You knew the following spells:

 Your Spells              Type           Power      Damage    Failure   Level
a - Pain                  Necr           76%        1d7       2%          1

Your spell library contained the following spells:

 Spells                   Type           Power      Damage    Failure   Level
 Animate Skeleton         Necr           38%        N/A       2%          1
 Vampiric Draining        Necr           9%         2d7       7%          3
 Animate Dead             Necr           9%         N/A       24%         4
 Dazzling Flash           Conj/Hex       4%         N/A       47%         3
 Agony                    Necr           19%        N/A       54%         5
 Iskenderun's Mystic Bla  Conj/Tloc      2%         2d3       87%         4
 Starburst                Conj/Fire      1%         6d3       100%        6


Dungeon Overview and Level Annotations

Branches:
Dungeon (2/15)

Altars:

Shops:
D:1 (


Innate Abilities, Weirdness & Mutations

You have sharp fingernails.
Spells you cast may paralyse adjacent enemies.


Message History

Increase (S)trength, (I)ntelligence, or (D)exterity?
You feel clever.
Your demonic ancestry asserts itself...
Your fingernails lengthen.
A kobold comes into view. It is wielding a +0 club.
You see here a +0 robe.
q - a +0 robe The kobold shouts!
Aiming: Pain (safe; 2% risk of failure)
Press: ? - help, Q - select action, (/) - cycle Shift-Dir - straight line, f - kobold
Aim: a kobold, wielding a +0 club (chance to affect: 89%)
The kobold writhes in agony.
Malevolent energies surge around you.
You barely miss the kobold.
The kobold is severely wounded.
The kobold closely misses you.
You hit the kobold.
You kill the kobold!
A kobold comes into view.
It is wielding a +2 short sword of venom.
Found an escape hatch in the floor.
You see here a +0 club.
You hit the kobold but do no damage.
The kobold hits you with a +2 short sword of venom.
You are poisoned.
You barely miss the kobold.
You feel very sick.
The kobold hits you with a +2 short sword of venom.
You are lethally poisoned!
Your +2 dagger of venom begins to drip with poison!
p - a +2 dagger of venom (weapon)
You feel sick.
The kobold hits you with a +2 short sword of venom.
You are more poisoned.
Aiming: Pain (safe; 2% risk of failure)
Press: ? - help, Q - select action, (/) - cycle Shift-Dir - straight line, f - kobold
Aim: a kobold, wielding a +2 short sword of venom and quivering stones (chance to affect: 89%)
The kobold writhes in agony.
You kill the kobold!
Malevolent energies surge around you.
* * * LOW HITPOINT WARNING * * *
You feel extremely sick.
You die...

. #......# #.#.# .
#......# #.#.#
.##......#######.#.#
.........'.......>.#
..#......##........# #
#.#......#######)<##.#
#.#######.....>......#
#'##### .###.....####
......# .# ##..@.#
......# .#....#.##
......# .#.####.#
......# # #.# ......#
..# ......# ..#
......# ..# #'#####
...# #..######.


There were no monsters in sight!

Vanquished Creatures
  6 ball pythons
  7 endoplasms
  A giant cockroach (D:1)
  2 goblins (D:1)
  2 hobgoblins
  3 quokkas
  A frilled lizard (D:2)
  4 kobolds
  A rat (D:1)
27 creatures vanquished.

Vanquished Creatures (others)
  6 plants (D:1)
6 creatures vanquished.

Grand Total: 33 creatures vanquished

Notes
Turn   | Place    | Note
-------+----------+-------------------------------------------
     0 | D:1      | Crimsonway the Demonspawn Necromancer began the quest for
                  | the Orb.
     0 | D:1      | Reached XP level 1. HP: 13/13 MP: 3/3
   551 | D:1      | Found Jaef's Antique Weapon Shop.
   553 | D:1      | Gained mutation: Spells you cast may paralyse adjacent
                  | enemies. [demonic ancestry]
   553 | D:1      | Reached XP level 2. HP: 8/19 MP: 3/5
  1486 | D:2      | Gained mutation: You have sharp fingernails. [demonic
                  | ancestry]
  1486 | D:2      | Reached XP level 3. HP: 19/24 MP: 3/6
  1500 | D:2      | Succumbed to a kobold's poison

Illustrated notes

Levels and vault maps discovered:
D:1:      dpeg_arrival_tiny_c, layout_basic, serial_shops,
          nicolae_shop_overgrown_old_shop
D:2:      layout_basic

Action                   || total
-------------------------++-------
Melee: Unarmed           ||     7
       Whip              ||    40
 Cast: Pain              ||    44
 Stab: Paralysed         ||     2
Armor: Robe              ||     3
Dodge: Dodged            ||     7

Table legend: (Time is in decaauts)
 A = Elapsed time spent in this place.
 B = Non-inter-level travel time spent in this place.
 C = Inter-level travel time spent in this place.
 D = Time resting spent in this place.
 E = Time spent auto-exploring this place.
 F = Levels seen in this place.
 G = Mean time per level.
                   A        B        C        D        E       F      G
               +--------+--------+--------+--------+--------+-----+--------+
         Total |   1502 |    959 |    543 |      0 |      0 |   2 |  751.0 |
       Dungeon |   1502 |    959 |    543 |      0 |      0 |   2 |  751.0 |
               +--------+--------+--------+--------+--------+-----+--------+

Top non-repeatable levels by time:
     D:1: 1372 daAuts
     D:2: 129 daAuts
